 Dungeon Crawl Stone Soup version 0.23.2-30-g0e89c35649 (webtiles) character file.

Game seed: 15988347122042263408

65 jamsan the Sneak (level 3, 0/16 HPs)
             Began as a Spriggan Enchanter on June 16, 2019.
             Slain by Natasha (1 damage)
             ... on level 1 of the Dungeon.
             The game lasted 00:11:36 (2563 turns).

jamsan the Sneak (Spriggan Enchanter)               Turns: 2563, Time: 00:11:37

Health: 0/16       AC:  2    Str:  4    XL:     3   Next: 92%
Magic:  2/8        EV: 24    Int: 16    God:
Gold:   71         SH:  0    Dex: 22    Spells: 4/7 levels left

rFire    . . .     SeeInvis +   a - +1 dagger
rCold    . . .     Gourm    .   (shield restricted)
rNeg     . . .     Faith    .   b - +0 robe
rPois    .         Spirit   .   (helmet restricted)
rElec    .         Reflect  .   (no cloak)
rCorr    .         Harm     .   (gloves unavailable)
MR       .....                  (boots unavailable)
Stlth    +++++.....             (no amulet)
HPRegen  0.05/turn              (no ring)
MPRegen  0.11/turn              (no ring)

@: agile, very quick
A: very small, unfitting armour, see invisible, herbivore, speed 3, slow
metabolism 2
a: no special abilities


You were on level 1 of the Dungeon.
You were not hungry.

You visited 1 branch of the dungeon, and saw 3 of its levels.

You collected 71 gold pieces.

Inventory:

Hand Weapons
 a - a +1 dagger (weapon)
Missiles
 e - 9 stones (quivered)
 f - 23 sling bullets
 m - 15 poisoned needles
Armour
 b - a +0 robe (worn)
Wands
 o - a wand of flame (12)
Scrolls
 c - 5 scrolls of identify {unknown}
 g - a scroll of remove curse {unknown}
 h - a scroll of amnesia {unknown}
 k - a scroll of fog {unknown}
 l - a scroll of noise {unknown}
Potions
 i - a potion of curing {unknown}
 j - a potion of agility
 n - a potion of might {unknown}
Comestibles
 d - 4 rations


   Skills:
 + Level 3.0 Short Blades
 - Level 3.0 Dodging
 + Level 6.1 Stealth
 - Level 2.6 Spellcasting
 - Level 3.6 Hexes


You had 4 spell levels left.
You knew the following spells:

 Your Spells              Type           Power        Failure   Level  Hunger
a - Corona                Hex            ##.....      4%          1    #......
b - Ensorcelled Hibernat  Hex/Ice        #.....       14%         2    ##.....

Your spell library contained the following spells:

 Spells                   Type           Power        Failure   Level  Hunger
 Confuse                  Hex            ##......     13%         3    ###....
 Tukima's Dance           Hex            ##......     13%         3    ###....
 Dazzling Spray           Conj/Hex       #.....       28%         3    ###....


Dungeon Overview and Level Annotations

Branches:
Dungeon (3/15)

Altars:

Annotations:
D:1 Natasha


Innate Abilities, Weirdness & Mutations

You are very small and have problems with some larger weapons.
You are too small for most types of armour.
You have supernaturally acute eyesight. (SInv)
You are a herbivore.
You cover ground extremely quickly.
You need to consume almost no food.


Message History

The magic dart hits you!
Casting: Ensorcelled Hibernation (safe; 14% risk of failure)
Confirm with . or Enter, or press ? or * to list all spells.
Aiming: Ensorcelled Hibernation (safe; 14% risk of failure)
Press: ? - help, Shift-Dir - straight line, f/p - Natasha
Aim: Natasha (chance to defeat MR: 38%) Natasha resists with some effort.
Natasha mumbles some strange words.
Natasha casts a spell at you. The magic dart hits you.
* * * LOW HITPOINT WARNING * * *
The shadow imp hits you.
* * * LOW HITPOINT WARNING * * *
You climb upwards.
The shadow imp disappears in a puff of smoke!
There is a stone staircase leading down here.
It was a potion of agility.
You feel agile all of a sudden. Natasha claws you.
You die...

##### ###########.#.#
#.............#
#.#######.#.#.# #.#
#.#.#.# #.# #.#.#.# #.#
#.#.#.#
##################.#
#.#.#.#
................@..#
#.#.#.#
##########.####h.###
#.#.#.# #.# #..# #.#.#.#
#.# #..# #.#.#.# #.#
#..#########.#.#.#
##.####............#.#.#
#.........##########.#.#
#..#####..##...†# #.#.#
#..# #..##.##.####.#.#


You could see Natasha.

Vanquished Creatures
  2 adders
  An ooze (D:1)
  A dart slug (D:1)
  2 leopard geckos (D:1)
  3 giant cockroaches
  4 hobgoblins
  2 jackals (D:2)
  A quokka (D:1)
  4 bats (D:1)
  2 frilled lizards (D:1)
  3 goblins (D:1)
  6 kobolds
  9 rats
40 creatures vanquished.

Notes
Turn   | Place    | Note
-------+----------+-------------------------------------------
     0 | D:1      | jamsan the Spriggan Enchanter began the quest for the Orb.
     0 | D:1      | Reached XP level 1. HP: 9/9 MP: 5/5
   251 | D:1      | Reached XP level 2. HP: 3/13 MP: 6/6
   260 | D:1      | Reached skill level 5 in Stealth
  1044 | D:1      | Reached XP level 3. HP: 13/16 MP: 6/8
  1236 | D:1      | Learned a level 2 spell: Ensorcelled Hibernation
  2037 | D:2      | Noticed Natasha
  2213 | D:2      | Reached skill level 6 in Stealth
  2563 | D:1      | Slain by Natasha

Skill      XL: |  1  2  3 |
---------------+----------+-----
Stealth        | 5 6 |  6.1
Short Blades   | 2 3 |  3.0
Dodging        | |  3.0
Spellcasting   | |  2.6
Hexes          | |  3.6

Action                   || total
-------------------------++-------
Melee: Dagger            ||   155
Throw: Stone             ||    73
 Cast: Corona            ||    10
       Ensorcelled Hiber ||     9
  Use: Potion            ||     1
 Stab: Sleeping          ||    10
Armor: Robe              ||    21
Dodge: Dodged            ||   135
